cohdb
Replays
Latest Replays
All Replays
Popular Replays
Top Player Replays
Match Explorer
How It Works
Community
CoH3 Stats
Reddit
Sign in to upload your games and track your stats! →
Sign in with Steam
Match 45674895
Unlisted
Match 45674895
Overview
Messages
Build Orders
End
Construct Infanterie Kompanie
Selects Breakthrough Battlegroup
Selects Breakthrough Battlegroup
Selects Assault Grenadiers
Kettenkrad Recon Vehicle
MG 42 Machine Gun Team
Grenadier Squad
Grenadier Squad
Construct Panzergrenadier Kompanie
Panzergrenadier Squad
Pak 40 Anti-tank Gun Team
Panzergrenadier Officer Quarters
Medical Station
Selects 2.5-tonne Cargo Truck
Selects Rapid Production
bibotot1995
Leiarde
Seocheon
CalmDownJustAGame
0
0
Comments
sign in to comment!
No comments posted yet!